 Dungeon Crawl Stone Soup version 0.21.1-1-g345015f (webtiles) character file.

57 Krilegs the Skirmisher (level 3, -10/34 HPs)
             Began as a Minotaur Fighter on May 7, 2018.
             Mangled by Tiareth's ghost (12 damage)
             ... on level 3 of the Dungeon.
             The game lasted 00:04:51 (1608 turns).

Krilegs the Skirmisher (Minotaur Fighter)           Turns: 1608, Time: 00:04:52

Health: -10/34     AC:  8    Str: 21    XL:     3   Next: 73%
Magic:  2/2        EV:  9    Int:  5    God:
Gold:   45         SH:  0    Dex:  9    Spells: 2/2 levels left

rFire    . . .     SeeInvis .   a - +1 war axe
rCold    . . .     Gourm    .   (no shield)
rNeg     . . .     Faith    .   b - +1 scale mail
rPois    .         Spirit   .   (helmet restricted)
rElec    .         Reflect  .   (no cloak)
rCorr    .         Harm     .   (no gloves)
MR       .....                  (no boots)
Stlth    ..........             (no amulet)
HPRegen  0.11/turn              (no ring)
MPRegen  0.08/turn              (no ring)

@: no status effects
A: retaliatory headbutt, horns 2
a: no special abilities


You were on level 3 of the Dungeon.
You were not hungry.

You visited 1 branch of the dungeon, and saw 3 of its levels.

You collected 45 gold pieces.

Inventory:

Hand Weapons
 a - a +1 war axe (weapon)
Armour
 b - a +1 scale mail (worn)
Wands
 k - a wand of polymorph (9)
Scrolls
 c - a scroll of fear {unknown}
 g - a scroll of teleportation {unknown}
 h - 5 scrolls of remove curse {unknown}
 i - 2 scrolls of identify {unknown}
Potions
 d - a potion of might
 e - a potion of curing
Comestibles
 f - 8 rations


   Skills:
 * Level 4.5 Fighting
 * Level 3.6 Axes
 + Level 4.2 Armour
   Level 3.6 Shields


You had 2 spell levels left.
You didn't know any spells.

Dungeon Overview and Level Annotations

Branches:
Dungeon (3/15)

Altars:
Dithmenos
Gozag
Kikubaaqudgha
Xom

Annotations:
D:3 Tiareth's ghost, amateur DESk


Innate Abilities, Weirdness & Mutations

You reflexively headbutt those who attack you in melee.
You have a pair of horns on your head.


Message History

Tiareth's ghost hits you but does no damage. x2
You barely miss Tiareth's ghost.
Tiareth's ghost is lightly damaged.
Tiareth's ghost hits you.
You are electrocuted!
You closely miss Tiareth's ghost.
Tiareth's ghost is lightly damaged.
Tiareth's ghost hits you but does no damage.
You are electrocuted!
* * * LOW HITPOINT WARNING * * *
It was a potion of magic.
Magic courses through your body.
Tiareth's ghost hits you but does no damage.
Tiareth's ghost says, "If you think I look tough now, just wait!"
Aiming: Polymorph
Press: ? - help, Shift-Dir - straight line, f/p - Tiareth's ghost
Aim: Tiareth's ghost, wielding a weapon of electrocution (lightly damaged, shrouded, chance to defeat MR: 34%) Tiareth's ghost is unaffected.
Tiareth's ghost shouts, "Very impressive.
But it won't help.
Nothing will."
Tiareth's ghost hits you but does no damage.
You are electrocuted!
You die...

##>..####.....##
#.#...........#
#...####.....#
#...........# ##
#........#.## ..
#..####.#...####.###
#..( #.#.#.......$
#.# #.#...####.# #.
#.#.....W@.# ..
..#.............. ..
#.#.......###....
..........# .##
###.......#
#.......# #.......#
#########


You could see Tiareth's ghost.

Vanquished Creatures
  2 adders
  A worm (D:2)
  A dart slug (D:1)
  2 leopard geckos
  3 bats (D:1)
  2 giant cockroaches
  2 goblins
  3 hobgoblins
  8 kobolds
  A quokka (D:2)
  2 ball pythons (D:2)
  2 frilled lizards
  5 rats
34 creatures vanquished.

Notes
Turn   | Place    | Note
-------+----------+-------------------------------------------
     0 | D:1      | Krilegs the Minotaur Fighter began the quest for the Orb.
     0 | D:1      | Reached XP level 1. HP: 19/19 MP: 0/0
   224 | D:1      | Reached XP level 2. HP: 27/27 MP: 1/1
  1027 | D:2      | Found an opulent altar of Gozag.
  1082 | D:2      | Reached XP level 3. HP: 31/33 MP: 2/2
  1194 | D:2      | Found an ancient bone altar of Kikubaaqudgha.
  1364 | D:2      | Found a shadowy altar of Dithmenos.
  1545 | D:3      | Found a shimmering altar of Xom.
  1595 | D:3      | Noticed Tiareth's ghost (amateur DESk)
  1608 | D:3      | Mangled by Tiareth's ghost

Skill      XL: |  1  2 |
---------------+-------+-----
Fighting       | 4 |  4.5
Armour         | 4 |  4.2
Axes           | 3 |  3.6
Shields        | |  3.6

Action                   || total
-------------------------++-------
Melee: War axe           ||    73
       Headbutt          ||     6
Evoke: Wand              ||     2
  Use: Potion            ||     4
       Scroll            ||     3
  Eat: Ration            ||     1
       Chunk             ||     1
Armor: Scale mail        ||    55
Dodge: Dodged            ||    47
